 Dungeon Crawl Stone Soup version 0.28.0-45-g0d030f2227 (webtiles) character file.

Game seed: 2676135785336984092

1105 seaoflcl the Shield-Bearer (level 8, 0/67 HPs)
             Began as a Gnoll Fighter on Apr 24, 2022.
             Slain by an iguana (4 damage)
             ... on level 5 of the Dungeon.
             The game lasted 00:08:41 (5986 turns).

seaoflcl the Shield-Bearer (Gnoll Fighter)          Turns: 5986, Time: 00:08:41

Health: 0/67       AC: 11    Str: 18    XL:     8   Next: 32%
Magic:  12/12      EV: 10    Int:  7    God:
Gold:   187        SH:  5    Dex: 12    Spells: 13/13 levels left

rFire   . . .      SeeInvis .   a - +3 hand axe (freeze)
rCold   . . .      Faith    .   c - +0 buckler
rNeg    . . .      Spirit   .   g - +0 scale mail
rPois   .          Reflect  .   (no helmet)
rElec   .          Harm     .   v - +2 cloak
rCorr   .          Rampage  .   (no gloves)
Will    .....                   (no boots)
Stlth   +.........              (no amulet)
HPRegen 0.21/turn               (no ring)
MPRegen 0.13/turn               (no ring)

@: no status effects
A: fangs 1, strong nose, distributed training
a: no special abilities


You were on level 5 of the Dungeon.
You visited 1 branch of the dungeon, and saw 5 of its levels.

You collected 187 gold pieces.

Inventory:

Hand Weapons
 a - a +3 hand axe of freezing (weapon)
 b - a +0 hunting sling
 o - a +0 long sword
Missiles
 p - 33 sling bullets
Armour
 c - a +0 buckler (worn)
 g - a +0 scale mail (worn)
 v - a +2 cloak (worn)
Jewellery
 i - a ring of magical power
 s - a ring of fire
Wands
 t - a wand of mindburst (17)
 w - a wand of flame (15)
Scrolls
 d - a scroll of identify {unknown}
 f - a scroll of teleportation
 h - a scroll of vulnerability {unknown}
 j - a scroll of enchant weapon
 k - 2 scrolls of fog {unknown}
 l - 2 scrolls of summoning {unknown}
 m - a scroll of holy word {unknown}
Potions
 e - a potion of brilliance {unknown}
 n - a potion of resistance {unknown}
 q - a potion of lignification {unknown}
 r - 2 potions of curing {unknown}
 u - a potion of ambrosia {unknown}


   Skills:
 + Level 7.3 Fighting
 + Level 3.1 Short Blades
 + Level 5.6 Long Blades
 + Level 3.1 Axes
 + Level 3.1 Maces & Flails
 + Level 3.1 Polearms
 + Level 3.1 Staves
 + Level 3.1 Slings
 + Level 3.1 Bows
 + Level 3.1 Crossbows
 + Level 3.1 Throwing
 + Level 7.3 Armour
 + Level 3.1 Dodging
 + Level 3.1 Stealth
 + Level 7.3 Shields
 + Level 3.1 Unarmed Combat
 + Level 3.1 Spellcasting
 + Level 2.5 Conjurations
 + Level 2.5 Hexes
 + Level 2.5 Summonings
 + Level 2.5 Necromancy
 + Level 2.5 Translocations
 + Level 2.5 Transmutations
 + Level 2.5 Fire Magic
 + Level 2.5 Ice Magic
 + Level 2.5 Air Magic
 + Level 2.5 Earth Magic
 + Level 2.5 Poison Magic
 + Level 3.5 Invocations
 + Level 3.1 Evocations


You had 13 spell levels left.
You didn't know any spells.
Your spell library was empty.

Dungeon Overview and Level Annotations

Branches:
Dungeon (5/15)
 Temple: D:4-7

Altars:
Sif Muna
Vehumet

Shops:
D:1 ?   D:2 (   D:3 *

Annotations:
D:4 2 transporters, Malificent's ghost, amateur HODe


Innate Abilities, Weirdness & Mutations

You have very sharp teeth.
Your uncanny sense of smell can sniff out nearby items.
Your experience applies equally to all skills.


Message History

The hound barely misses you.
You closely miss the hound. The hound closely misses you.
You block the hound's attack.
You hit the hound but do no damage. Your bite misses the hound.
The hound bites you but does no damage. The hound bites you.
You slash the hound! You freeze the hound.
The hound is almost dead.
The hound barely misses you. You block the hound's attack.
You slash the hound! You freeze the hound.
You kill the hound!
You hit the phantom. You bite the phantom.
The phantom is heavily damaged.
You block the phantom's attack.
The phantom hits you but does no damage.
You hit the phantom. You bite the phantom.
The phantom is severely damaged.
The phantom hits you but does no damage.
You slash the phantom!
The phantom is almost destroyed.
The phantom hits you.
The phantom blinks!
You blink.
You closely miss the phantom.
The phantom is almost destroyed.
The phantom closely misses you.
You hit the phantom.
You destroy the phantom!
The ogre hits you with a +0 giant spiked club!
You barely miss the ogre.
The ogre hits you with a +0 giant spiked club!!
* * * LOW HITPOINT WARNING * * *
You hit the ogre but do no damage.
The ogre hits you with a +0 giant spiked club!
* * * LOW HITPOINT WARNING * * *
You block the ogre's attack.
An iguana comes into view.
The iguana hisses angrily.
A bullfrog skeleton comes into view.
The iguana moves out of view.
The orc shouts!
The iguana bites you.
You die...

#.#####..####
#...........#
..####..##.# #
#..##.# # ..
##..##†# #
.....###...##.#
####
.....Z.....##.#
....
.....###s####.#
####
.....ol@......#
#
#..........#..#
#
#....###.#.#..#
# #...
###.#.#..# #
#... .........#
# #...#
##.#.#.## #
#..... #.#.#.#
# ..>..##.#...#
# >.......#..##
#


You could see a scorpion, an iguana and an orc.

Vanquished Creatures
  Duvessa (D:4)
  2 sky beasts
  A black bear (D:3)
  2 necrophages
  A phantom (D:5)
  Dowan (D:4)
  4 hounds
  Crazy Yiuf (D:4)
  2 orc priests
  Terence (D:3)
  An orc wizard (D:2)
  3 hound skeletons (D:4)
  6 adders
  A worm (D:3)
  A dart slug (D:5)
  10 orcs
  8 endoplasms
  A giant cockroach (D:1)
  6 goblins
  2 hobgoblins
  4 quokkas
  3 ball pythons
  6 bats
  2 frilled lizards (D:2)
  5 kobolds
  8 rats
83 creatures vanquished.

Vanquished Creatures (others)
  4 fungi (D:4)
4 creatures vanquished.

Grand Total: 87 creatures vanquished

Notes
Turn   | Place    | Note
-------+----------+-------------------------------------------
     0 | D:1      | seaoflcl the Gnoll Fighter began the quest for the Orb.
     0 | D:1      | Reached XP level 1. HP: 23/23 MP: 1/1
    14 | D:1      | Found Lumivuj's Magic Scroll Shop.
    95 | D:1      | Reached XP level 2. HP: 27/29 MP: 2/2
   507 | D:1      | Found a faded altar of an unknown god.
  1010 | D:2      | Reached XP level 3. HP: 21/35 MP: 3/3
  1341 | D:2      | Reached skill level 1 in Invocations
  1500 | D:2      | Found Exkusutuaff's Antique Weapon Emporium.
  1565 | D:2      | Found a shimmering blue altar of Sif Muna.
  1580 | D:2      | Reached skill level 1 in Short Blades
  1580 | D:2      | Reached skill level 1 in Axes
  1580 | D:2      | Reached skill level 1 in Maces & Flails
  1580 | D:2      | Reached skill level 1 in Polearms
  1580 | D:2      | Reached skill level 1 in Staves
  1580 | D:2      | Reached skill level 1 in Slings
  1580 | D:2      | Reached skill level 1 in Bows
  1580 | D:2      | Reached skill level 1 in Crossbows
  1580 | D:2      | Reached skill level 1 in Throwing
  1580 | D:2      | Reached skill level 1 in Dodging
  1580 | D:2      | Reached skill level 1 in Stealth
  1580 | D:2      | Reached skill level 1 in Unarmed Combat
  1580 | D:2      | Reached skill level 1 in Spellcasting
  1580 | D:2      | Reached skill level 1 in Evocations
  1807 | D:3      | Noticed a necrophage
  1813 | D:3      | Killed a necrophage
  1814 | D:3      | Reached skill level 1 in Conjurations
  1814 | D:3      | Reached skill level 1 in Hexes
  1814 | D:3      | Reached skill level 1 in Summonings
  1814 | D:3      | Reached skill level 1 in Necromancy
  1814 | D:3      | Reached skill level 1 in Translocations
  1814 | D:3      | Reached skill level 1 in Transmutations
  1814 | D:3      | Reached skill level 1 in Fire Magic
  1814 | D:3      | Reached skill level 1 in Ice Magic
  1814 | D:3      | Reached skill level 1 in Air Magic
  1814 | D:3      | Reached skill level 1 in Earth Magic
  1814 | D:3      | Reached skill level 1 in Poison Magic
  1814 | D:3      | Reached XP level 4. HP: 38/41 MP: 4/6
  1814 | D:3      | Reached XP level 5. HP: 44/47 MP: 4/7
  2341 | D:3      | Noticed Terence
  2357 | D:3      | Killed Terence
  2615 | D:3      | Found Qidwokor's General Store.
  2693 | D:3      | Reached XP level 6. HP: 26/53 MP: 8/8
  3081 | D:3      | Found a radiant altar of Vehumet.
  3120 | D:3      | Noticed a sky beast
  3128 | D:3      | Killed a sky beast
  3129 | D:3      | Reached skill level 5 in Long Blades
  3873 | D:4      | Noticed a black bear
  3892 | D:3      | Killed a black bear
  3893 | D:3      | Reached XP level 7. HP: 32/59 MP: 10/10
  4073 | D:4      | Noticed Duvessa
  4075 | D:4      | Noticed Dowan
  4090 | D:4      | Killed Duvessa
  4097 | D:4      | Killed Dowan
  4427 | D:4      | Found a transporter.
  4431 | D:4      | Noticed Malificent's ghost (amateur HODe)
  4432 | D:4      | Found a transporter.
  5229 | D:4      | Found a runed translucent door.
  5230 | D:4      | Noticed Crazy Yiuf
  5244 | D:4      | Killed Crazy Yiuf
  5447 | D:5      | Entered Level 5 of the Dungeon
  5590 | D:5      | Reached XP level 8. HP: 32/65 MP: 12/12
  5977 | D:5      | HP: 3/67 [ogre/+0 giant spiked club (8)]
  5986 | D:5      | Slain by an iguana

Illustrated notes

Levels and vault maps discovered:
D:1:      lightli_arrival_chessboard, layout_basic, serial_shops,
          nicolae_shop_window_shopping, shapermc_ecumenical_altar_flowoftime,
          st_stairs_1, nrook_loot_triangle, minmay_cut_off
D:2:      layout_rooms, serial_shops, shop_fountains, basic_altar,
          kennysheep_generic_room_13
D:3:      layout_basic, mainiacjoe_overflow_tiny_flanked, serial_shops,
          nicolae_shop_stone, minmay_misc_feat_roman, uniq_terence
D:4:      layout_cave_pools, gammafunk_ghost_arena,
          chequers_serial_rivers_large_a, uniq_crazy_yiuf_cottage, uniq_duvessa
D:5:      layout_loops_ring

Skill      XL: |  1  2  3  4  5  6  7  8 |
---------------+-------------------------+-----
Invocations    | 1 2 3 |  3.5
Short Blades   | 1 2 3 |  3.1
Axes           | 1 2 3 |  3.1
Maces & Flails | 1 2 3 |  3.1
Polearms       | 1 2 3 |  3.1
Staves         | 1 2 3 |  3.1
Slings         | 1 2 3 |  3.1
Bows           | 1 2 3 |  3.1
Crossbows      | 1 2 3 |  3.1
Throwing       | 1 2 3 |  3.1
Dodging        | 1 2 3 |  3.1
Stealth        | 1 2 3 |  3.1
Unarmed Combat | 1 2 3 |  3.1
Spellcasting   | 1 2 3 |  3.1
Evocations     | 1 2 3 |  3.1
Conjurations   | 1 2 |  2.5
Hexes          | 1 2 |  2.5
Summonings     | 1 2 |  2.5
Necromancy     | 1 2 |  2.5
Translocations | 1 2 |  2.5
Transmutations | 1 2 |  2.5
Fire Magic     | 1 2 |  2.5
Ice Magic      | 1 2 |  2.5
Air Magic      | 1 2 |  2.5
Earth Magic    | 1 2 |  2.5
Poison Magic   | 1 2 |  2.5
Long Blades    | 5 |  5.6
Fighting       | 7 |  7.3
Armour         | 7 |  7.3
Shields        | 7 |  7.3

Action                   |  1- 3 |  4- 6 |  7- 9 || total
-------------------------+-------+-------+-------++-------
Melee: Long sword        |   100 |    90 |       ||   190
       Bite              |     8 |    10 |    20 ||    38
       Hand axe          |       |    11 |   163 ||   174
 Fire: Hunting sling     |       |       |     6 ||     6
  Use: Potion            |     1 |       |     1 ||     2
       Scroll            |       |       |     2 ||     2
Armor: Scale mail        |    46 |    52 |    74 ||   172
Dodge: Dodged            |    34 |    41 |    54 ||   129
Block: Buckler           |    25 |    19 |    45 ||    89
